 Dungeon Crawl Stone Soup version 0.28-a0-1513-ge4f4046303 (webtiles) character file.

Game seed: 4466133432265611333

581 Gargoyl the Skirmisher (level 7, -5/60 HPs)
             Began as a Gnoll Abyssal Knight on Jan 16, 2022.
             Was a Priest of Lugonu.
             Slain by a shadow (9 damage)
             ... on level 5 of the Dungeon.
             The game lasted 00:05:26 (4875 turns).

Gargoyl the Skirmisher (Gnoll Abyssal Knight)       Turns: 4875, Time: 00:05:27

Health: -5/60      AC:  7    Str: 14    XL:     7   Next: 36%
Magic:  11/11      EV: 11    Int: 10    God:    Lugonu [***...]
Gold:   200        SH:  0    Dex: 12    Spells: 10/10 levels left

rFire   . . .      SeeInvis .   a - +3 hand axe
rCold   . . .      Faith    .   (no shield)
rNeg    . . .      Spirit   .   j - +1 ring mail "Keqoadec" {rCorr}
rPois   .          Reflect  .   (no helmet)
rElec   .          Harm     .   (no cloak)
rCorr   +          Rampage  .   (no gloves)
Will    .....                   (no boots)
Stlth   +.........              (no amulet)
HPRegen 0.20/turn               (no ring)
MPRegen 0.12/turn               (no ring)

@: no status effects
A: fangs 1, strong nose, distributed training
a: Renounce Religion, Depart the Abyss, Bend Space, Banish


You were on level 5 of the Dungeon.
You worshipped Lugonu.
Lugonu was most pleased with you.
You visited 1 branch of the dungeon, and saw 5 of its levels.
You visited the Abyss 1 time.

You collected 200 gold pieces.

Inventory:

Hand Weapons
 a - a +3 hand axe (weapon)
Armour
 j - the +1 ring mail "Keqoadec" (worn) {rCorr}
   (You found it on level 4 of the Dungeon)

   rCorr:     It protects you from acid and corrosion.
Scrolls
 d - 4 scrolls of teleportation
 h - a scroll of fear
Potions
 b - 3 potions of curing
 c - a potion of degeneration {unknown}
 e - a potion of resistance {unknown}
 f - 4 potions of heal wounds {unknown}
 g - a potion of magic {unknown}
 i - 2 potions of cancellation {unknown}
 l - a potion of attraction {unknown}
 m - a potion of berserk rage {unknown}


   Skills:
 + Level 7.0 Fighting
 + Level 2.4 Short Blades
 + Level 2.4 Long Blades
 + Level 5.2 Axes
 + Level 2.4 Maces & Flails
 + Level 2.4 Polearms
 + Level 2.4 Staves
 + Level 2.4 Slings
 + Level 2.4 Bows
 + Level 2.4 Crossbows
 + Level 2.4 Throwing
 + Level 5.2 Armour
 + Level 3.6 Dodging
 + Level 2.4 Stealth
 + Level 2.4 Shields
 + Level 2.4 Unarmed Combat
 + Level 2.4 Spellcasting
 + Level 2.0 Conjurations
 + Level 2.0 Hexes
 + Level 2.0 Summonings
 + Level 2.0 Necromancy
 + Level 2.0 Translocations
 + Level 2.0 Transmutations
 + Level 2.0 Fire Magic
 + Level 2.0 Ice Magic
 + Level 2.0 Air Magic
 + Level 2.0 Earth Magic
 + Level 2.0 Poison Magic
 + Level 5.3 Invocations
 + Level 2.4 Evocations


You had 10 spell levels left.
You didn't know any spells.
Your spell library contained the following spells:

 Spells                   Type           Power      Damage    Failure   Level
 Dazzling Flash           Conj/Hex       10%        N/A       58%         3
 Gell's Gravitas          Tloc           5%         N/A       58%         3
 Inner Flame              Hex/Fire       5%         N/A       58%         3
 Teleport Other           Tloc           5%         N/A       58%         3
 Cause Fear               Hex            2%         N/A       94%         4
 Iskenderun's Mystic Bla  Conj/Tloc      5%         2d3       94%         4
 Conjure Ball Lightning   Conj/Air       2%         3x3d6     100%        6
 Dispersal                Tloc           2%         N/A       100%        6
 Starburst                Conj/Fire      2%         6d3       100%        6
 Discord                  Hex            2%         N/A       100%        8
 Disjunction              Tloc           2%         N/A       100%        8


Dungeon Overview and Level Annotations

Branches:
Dungeon (5/15)
 Temple: D:4-7

Altars:

Shops:
D:2 (   D:4 *

Annotations:
D:4 2 transporters


Innate Abilities, Weirdness & Mutations

You have very sharp teeth.
Your uncanny sense of smell can sniff out nearby items.
Your experience applies equally to all skills.


Message History

You hit the shadow but do no damage. Your bite misses the shadow.
The shadow is moderately damaged.
The shadow slips into darkness.
The shadow flickers and vanishes!
Deactivating autopickup; reactivate with Ctrl-A.
You closely miss something.
The shadow strikes at you from the darkness!
Reactivating autopickup.
You hit the shadow.
The shadow is heavily damaged.
The shadow hits you.
Unknown command.
You hit the shadow.
The shadow is severely damaged.
The shadow slips into darkness.
The shadow flickers and vanishes!
Deactivating autopickup; reactivate with Ctrl-A.
Unknown command.
You hit something but do no damage.
The shadow strikes at you from the darkness!
Reactivating autopickup.
You hit the shadow but do no damage. Your bite misses the shadow.
The shadow is severely damaged.
The shadow slips into darkness.
The shadow flickers and vanishes!
Deactivating autopickup; reactivate with Ctrl-A.
Unknown command.
You hit something but do no damage.
The shadow strikes at you from the darkness!
* * * LOW HITPOINT WARNING * * *
Reactivating autopickup.
You hit the shadow. You punch the shadow, but do no damage.
The shadow is severely damaged.
The shadow slips into darkness.
The shadow flickers and vanishes!
Deactivating autopickup; reactivate with Ctrl-A.
Unknown command.
You closely miss something.
The shadow strikes at you from the darkness!
You die...

#...######.#
#.#........#
#..<#####.#.
##.## #.#
#.# #.# #.#
#@#
#[{.....#
#..#####.#
#..# #...
#.## #. #.


There were no monsters in sight!

Vanquished Creatures
  2 necrophages (D:4)
  An ogre (D:4)
  3 hounds (D:4)
  2 orc wizards (D:3)
  A gnoll (D:1)
  5 adders
  A white imp (D:3)
  6 worms
  13 orcs
  5 bats
  9 endoplasms
  4 giant cockroaches
  8 goblins
  9 hobgoblins
  9 jackals
  5 quokkas
  4 ball pythons
  5 frilled lizards
  4 kobolds
  5 rats
101 creatures vanquished.

Notes
Turn   | Place    | Note
-------+----------+-------------------------------------------
     0 | Abyss:1  | Gargoyl the Gnoll Abyssal Knight began the quest for the
                  | Orb.
     0 | Abyss:1  | Reached XP level 1. HP: 23/23 MP: 3/3
    39 | Abyss:1  | Noticed a guardian serpent
    40 | D:1      | Escaped the Abyss
   321 | D:1      | Found a faded altar of an unknown god.
   329 | D:1      | Reached XP level 2. HP: 12/29 MP: 5/5
   566 | D:1      | Reached * piety under Lugonu
   579 | D:1      | Reached XP level 3. HP: 4/35 MP: 6/6
  1485 | D:2      | Found Adoff's Antique Weapon Boutique.
  1579 | D:2      | Reached skill level 1 in Short Blades
  1579 | D:2      | Reached skill level 1 in Long Blades
  1579 | D:2      | Reached skill level 1 in Maces & Flails
  1579 | D:2      | Reached skill level 1 in Polearms
  1579 | D:2      | Reached skill level 1 in Staves
  1579 | D:2      | Reached skill level 1 in Slings
  1579 | D:2      | Reached skill level 1 in Bows
  1579 | D:2      | Reached skill level 1 in Crossbows
  1579 | D:2      | Reached skill level 1 in Throwing
  1579 | D:2      | Reached skill level 1 in Stealth
  1579 | D:2      | Reached skill level 1 in Shields
  1579 | D:2      | Reached skill level 1 in Unarmed Combat
  1579 | D:2      | Reached skill level 1 in Spellcasting
  1579 | D:2      | Reached skill level 1 in Evocations
  1661 | D:2      | Reached XP level 4. HP: 41/41 MP: 7/7
  1699 | D:2      | Reached ** piety under Lugonu
  1805 | D:2      | Reached skill level 1 in Conjurations
  1805 | D:2      | Reached skill level 1 in Hexes
  1805 | D:2      | Reached skill level 1 in Summonings
  1805 | D:2      | Reached skill level 1 in Necromancy
  1805 | D:2      | Reached skill level 1 in Translocations
  1805 | D:2      | Reached skill level 1 in Transmutations
  1805 | D:2      | Reached skill level 1 in Fire Magic
  1805 | D:2      | Reached skill level 1 in Ice Magic
  1805 | D:2      | Reached skill level 1 in Air Magic
  1805 | D:2      | Reached skill level 1 in Earth Magic
  1805 | D:2      | Reached skill level 1 in Poison Magic
  2266 | D:2      | Reached XP level 5. HP: 47/47 MP: 8/8
  3098 | D:3      | Reached *** piety under Lugonu
  3099 | D:3      | Reached skill level 5 in Invocations
  3575 | D:3      | Reached XP level 6. HP: 53/53 MP: 9/9
  3714 | D:4      | Found a transporter.
  3714 | D:4      | Found Desygi's Assorted Antiques.
  3771 | D:4      | Reached skill level 5 in Axes
  3771 | D:4      | Reached skill level 5 in Armour
  3773 | D:4      | Identified the +1 ring mail "Keqoadec" {rCorr}
  3956 | D:4      | Noticed a necrophage
  3970 | D:4      | Killed a necrophage
  4253 | D:4      | Found a transporter.
  4314 | D:4      | Noticed a necrophage
  4326 | D:4      | Killed a necrophage
  4327 | D:4      | Reached skill level 7 in Fighting
  4327 | D:4      | Reached XP level 7. HP: 33/58 MP: 10/10
  4843 | D:5      | Entered Level 5 of the Dungeon
  4852 | D:5      | Noticed a shadow
  4875 | D:5      | Slain by a shadow

Illustrated notes

Levels and vault maps discovered:
D:1:      saegor_arrival_fortress, layout_basic,
          dreamdust_ecumenical_altar_statues, minmay_pentomino_w4
D:2:      layout_basic, serial_forest, infiniplex_forest_lined_ring,
          infiniplex_forest_zigzag_2, infiniplex_forest_straight_1,
          infiniplex_forest_straight_2, infiniplex_forest_lined_1,
          infiniplex_forest_end_2, infiniplex_forest_lined_2,
          infiniplex_forest_lined_3_way, serial_shops,
          nicolae_shop_temple_entry_statues_fountains, minmay_quantized
D:3:      layout_basic
D:4:      gammafunk_steamed_eel, layout_basic, nicolae_stop_n_shop_1
D:5:      layout_loops_ring

Skill      XL: |  1  2  3  4  5  6  7 |
---------------+----------------------+-----
Short Blades   | 1 2 |  2.4
Long Blades    | 1 2 |  2.4
Maces & Flails | 1 2 |  2.4
Polearms       | 1 2 |  2.4
Staves         | 1 2 |  2.4
Slings         | 1 2 |  2.4
Bows           | 1 2 |  2.4
Crossbows      | 1 2 |  2.4
Throwing       | 1 2 |  2.4
Stealth        | 1 2 |  2.4
Shields        | 1 2 |  2.4
Unarmed Combat | 1 2 |  2.4
Spellcasting   | 1 2 |  2.4
Evocations     | 1 2 |  2.4
Conjurations   | 1 2 |  2.0
Hexes          | 1 2 |  2.0
Summonings     | 1 2 |  2.0
Necromancy     | 1 2 |  2.0
Translocations | 1 2 |  2.0
Transmutations | 1 2 |  2.0
Fire Magic     | 1 2 |  2.0
Ice Magic      | 1 2 |  2.0
Air Magic      | 1 2 |  2.0
Earth Magic    | 1 2 |  2.0
Poison Magic   | 1 2 |  2.0
Dodging        | 3 |  3.6
Invocations    | 5 |  5.3
Axes           | 5 |  5.2
Armour         | 5 |  5.2
Fighting       | 7 |  7.0

Action                   |  1- 3 |  4- 6 |  7- 9 || total
-------------------------+-------+-------+-------++-------
Melee: Hand axe          |    83 |   204 |    30 ||   317
       Bite              |     8 |    17 |     5 ||    30
       Punch             |     2 |     5 |     1 ||     8
Invok: Depart the Abyss  |     1 |       |       ||     1
  Use: Scroll            |     6 |       |     2 ||     8
       Potion            |       |     2 |       ||     2
Armor: Leather armour    |    34 |       |       ||    34
       Ring mail         |    20 |    77 |     4 ||   101
       Skin              |       |    30 |       ||    30
       Chain mail        |       |    12 |       ||    12
Dodge: Dodged            |    98 |   114 |     9 ||   221

Table legend: (Time is in decaauts)
 A = Elapsed time spent in this place.
 B = Non-inter-level travel time spent in this place.
 C = Inter-level travel time spent in this place.
 D = Time resting spent in this place.
 E = Time spent auto-exploring this place.
 F = Levels seen in this place.
 G = Mean time per level.
                   A        B        C        D        E       F      G
               +--------+--------+--------+--------+--------+-----+--------+
         Total |   4895 |   4811 |     84 |    626 |   3336 |   6 |  815.8 |
       Dungeon |   4855 |   4771 |     84 |    626 |   3298 |   5 |  971.0 |
         Abyss |     40 |     40 |      0 |      0 |     38 |   1 |   40.0 |
               +--------+--------+--------+--------+--------+-----+--------+

Top non-repeatable levels by time:
     D:1: 1443 daAuts
     D:3: 1302 daAuts
     D:4: 1041 daAuts
     D:2: 1035 daAuts
 Abyss:1: 40 daAuts
     D:5: 32 daAuts
